 Dungeon Crawl Stone Soup version 0.29.0-5-ge4962eb29e (webtiles) character file.

Game seed: 3234246674398075532

25 coolguy4201 the Conjurer (level 2, 0/15 HPs)
             Began as a Deep Elf Conjurer on Aug 29, 2022.
             Slain by a jackal (2 damage)
             ... on level 2 of the Dungeon.
             The game lasted 00:01:23 (1014 turns).

coolguy4201 the Conjurer (Deep Elf Conjurer)        Turns: 1014, Time: 00:01:23

Health: 0/15       AC:  2    Str:  4    XL:     2   Next: 82%
Magic:  4/8        EV: 12    Int: 22    God:
Gold:   44         SH:  0    Dex: 13    Spells: 6/7 levels left

rFire   . . .      SeeInvis .   (no weapon)
rCold   . . .      Faith    .   (no shield)
rNeg    . . .      Spirit   .   a - +0 robe
rPois   .          Reflect  .   (no helmet)
rElec   .          Harm     .   (no cloak)
rCorr   .          Rampage  .   (no gloves)
Will    .....                   (no boots)
Stlth   ++........              (no amulet)
HPRegen 0.05/turn               (no ring)
MPRegen 0.11/turn               (no ring)

@: no status effects
A: no striking features
a: no special abilities


You were on level 2 of the Dungeon.
You visited 1 branch of the dungeon, and saw 2 of its levels.

You collected 44 gold pieces.

Inventory:

Armour
 a - a +0 robe (worn)
Jewellery
 c - a ring of resist corrosion
Potions
 b - a potion of magic
 e - a potion of resistance {unknown}


   Skills:
 + Level 2.5 Dodging
 + Level 2.4 Stealth
 + Level 3.2 Spellcasting
 + Level 5.2 Conjurations


You had 6 spell levels left.
You knew the following spells:

 Your Spells              Type           Power      Damage    Failure   Level
a - Magic Dart            Conj           100%       1d8       1%          1

Your spell library contained the following spells:

 Spells                   Type           Power      Damage    Failure   Level
 Searing Ray              Conj           52%        2d6       2%          2
 Dazzling Flash           Conj/Hex       30%        N/A       12%         3
 Fulminant Prism          Conj/Hex       7%         3d7       38%         4
 Iskenderun's Mystic Bla  Conj/Tloc      15%        2d5       38%         4


Dungeon Overview and Level Annotations

Branches:
Dungeon (2/15)

Altars:


Message History

Press: ? - help, Dir - move target
As you read the scroll labelled ZECILU INEIQIE, it crumbles to dust.
It was a scroll of blinking.
Done exploring.
There is a stone staircase leading down here.
You climb downwards.
There is a stone staircase leading up here.
The magic dart hits the jackal.
You kill the jackal!
The jackal barks! x2; You hear an angry hiss.
The magic dart hits the quokka.
You kill the quokka!
The jackal bites you. The jackal barely misses you.
The magic dart hits the jackal.
The jackal is moderately wounded.
The jackal bites you. The jackal barely misses you. The jackal bites you.
The jackal barely misses you.
The magic dart hits the jackal.
The jackal is almost dead.
The jackal bites you. The jackal closely misses you.
A frilled lizard comes into view.
The magic dart hits the jackal!
You kill the jackal!
The jackal completely misses you. The jackal bites you. x2
You are too injured to fight recklessly!
The jackal bites you. The jackal misses you.
You see here a quokka corpse.
The jackal attacks as you move away! The jackal barely misses you.
The jackal closely misses you. The jackal barely misses you.
The jackal attacks as you move away! The jackal closely misses you.
The jackal bites you but does no damage.
The jackal bites you.
* * * LOW HITPOINT WARNING * * *
The jackal attacks as you move away! The jackal barely misses you.
Found 17 gold pieces.
The jackal attacks as you move away! The jackal bites you.
* * * LOW HITPOINT WARNING * * *
The jackal closely misses you. The jackal bites you.
You die...

#. #. ##
###.##### #.###
... ...# ..#...
#.###.###...#
#..l..†<...####
#.....†........
###hh##.#########
#...@##...
#.#.####### #.#.
# #. .$ .# .. ..


You could see 2 jackals and a frilled lizard.

Vanquished Creatures
  2 dart slugs (D:1)
  2 ball pythons (D:1)
  2 endoplasms (D:1)
  2 giant cockroaches (D:1)
  3 goblins (D:1)
  A hobgoblin (D:1)
  2 jackals (D:2)
  A quokka (D:2)
  A bat (D:1)
  A frilled lizard (D:1)
  A rat (D:1)
18 creatures vanquished.

Notes
Turn   | Place    | Note
-------+----------+-------------------------------------------
     0 | D:1      | coolguy4201 the Deep Elf Conjurer began the quest for the
                  | Orb.
     0 | D:1      | Reached XP level 1. HP: 10/10 MP: 6/6
   249 | D:1      | Reached XP level 2. HP: 9/15 MP: 5/8
   625 | D:1      | Reached skill level 5 in Conjurations
  1014 | D:2      | Slain by a jackal

Illustrated notes

Levels and vault maps discovered:
D:1:      lightli_iron_boxes, layout_loops_ring
D:2:      layout_loops_ring, basic_altar

Skill      XL: |  1  2 |
---------------+-------+-----
Conjurations   | 5 |  5.2
Dodging        | |  2.5
Stealth        | |  2.4
Spellcasting   | |  3.2

Action                   || total
-------------------------++-------
 Cast: Magic Dart        ||    38
  Use: Scroll            ||     1
Armor: Robe              ||     1
Dodge: Dodged            ||    15
